 Dungeon Crawl Stone Soup version 0.22-b1-26-g9dbaab1 (webtiles) character file.

65 dvd the Cudgeler (level 3, -5/36 HPs)
             Began as a Troll Berserker on Aug 6, 2018.
             Was a Believer of Trog.
             Killed from afar by Sigmund (9 damage)
             ... with a magic dart
             ... on level 2 of the Dungeon.
             The game lasted 00:02:41 (1161 turns).

dvd the Cudgeler (Troll Berserker)                  Turns: 1161, Time: 00:02:42

Health: -5/36      AC:  7    Str: 25    XL:     3   Next: 94%
Magic:  2/2        EV: 10    Int:  3    God:    Trog [**....]
Gold:   182        SH:  0    Dex: 10    Spells: 2/2 levels left

rFire    . . .     SeeInvis .   a - +0 mace
rCold    . . .     Gourm    +   (no shield)
rNeg     . . .     Faith    +   b - +0 animal skin
rPois    .         Spirit   .   (helmet restricted)
rElec    .         Reflect  .   g - +1 cloak
rCorr    .         Harm     .   (gloves unavailable)
MR       ++...                  (boots unavailable)
Stlth    +.........             f - amulet of faith
HPRegen  1.52/turn              (no ring)
MPRegen  0.08/turn              (no ring)

@: berserk cooldown, regenerating, slowed, very slow
A: large, unfitting armour, claws 3, fast metabolism 3, gourmand, regeneration
1, shaggy fur 1, tough skin 2
a: Berserk, Trog's Hand, Renounce Religion


You were on level 2 of the Dungeon.
You worshipped Trog.
Trog was pleased with you.
You were very full.

You visited 1 branch of the dungeon, and saw 2 of its levels.

You collected 182 gold pieces.

Inventory:

Hand Weapons
 a - a +0 mace (weapon)
Missiles
 i - 7 tomahawks (quivered)
Armour
 b - a +0 animal skin (worn)
 g - a +1 cloak (worn)
Jewellery
 f - an amulet of faith (around neck)
Scrolls
 d - 2 scrolls of identify {unknown}
 e - 2 scrolls of remove curse {unknown}
 h - a scroll of immolation {unknown}
 j - a scroll of amnesia {unknown}
 k - a scroll of enchant armour {unknown}
Potions
 l - a potion of might {unknown}
 m - a potion of flight {unknown}
 n - a potion of magic {unknown}
 o - a potion of heal wounds {unknown}
 q - a potion of curing {unknown}
Comestibles
 c - 4 rations
 p - 14 chunks of flesh


   Skills:
 + Level 2.8 Fighting
 + Level 3.5 Maces & Flails
 + Level 3.0 Dodging


You had 2 spell levels left.
You didn't know any spells.
Your spell library was empty.

Dungeon Overview and Level Annotations

Branches:
Dungeon (2/15)

Altars:
Hepliaklqana
Nemelex Xobeh
Wu Jian

Annotations:
D:2 Sigmund


Innate Abilities, Weirdness & Mutations

You are too large for most types of armour.
You have claws for hands.
Your metabolism is lightning-fast.
You like to eat raw meat.
Your natural rate of healing is unusually fast.
You are covered in fur. (AC +1)
You have very tough skin. (AC +2)


Message History

You sock something! Something hits you but does no damage.
You miss something. You completely miss something. Something hits you!
You miss something. You closely miss something.
Something hits you but does no damage.
You barely miss something. You barely miss something. Something hits you!
You completely miss something.
You are no longer berserk.
You are exhausted.
You feel yourself slow down.
Unknown command.
Your skin crawls.
You feel resistant to hostile enchantments.
You feel somewhat less full. Something hits you!
* * * LOW HITPOINT WARNING * * *
Unknown command.
A magic dart appears from out of thin air!
The magic dart hits you!
You die...

#. #.# ### #.# >.
#.# #. #.# ### #
##.##.# #..
#.##...#.#########
#.#
............@.{..#
._.
#.##...#.#######.#
#.#
#...............
#.#
#####.#.......#.
..# #.#.#######
.<# #.#.###
..#######.#...#
..........#.#.#
#.#######.⌠)⌠.#


There were no monsters in sight!

Vanquished Creatures
  5 oozes (D:1)
  2 dart slugs (D:1)
  6 giant cockroaches
  3 goblins (D:1)
  3 hobgoblins
  4 jackals (D:1)
  4 kobolds (D:1)
  A quokka (D:2)
  2 bats (D:1)
  8 rats
  A fungus (D:1)
39 creatures vanquished.

Notes
Turn   | Place    | Note
-------+----------+-------------------------------------------
     0 | D:1      | dvd the Troll Berserker began the quest for the Orb.
     0 | D:1      | Reached XP level 1. HP: 22/22 MP: 0/0
     3 | D:1      | Found a runed door.
   231 | D:1      | Reached XP level 2. HP: 29/29 MP: 1/1
   987 | D:1      | Reached XP level 3. HP: 36/36 MP: 2/2
   991 | D:1      | Reached ** piety under Trog
  1061 | D:2      | Found a hazy altar of Hepliaklqana.
  1087 | D:2      | Found a sparkling altar of Nemelex Xobeh.
  1106 | D:2      | Found an ornate altar of the Wu Jian Council.
  1140 | D:2      | Noticed Sigmund
  1160 | D:2      | HP: 1/36 [something (13)]
  1161 | D:2      | Killed from afar by Sigmund

Skill      XL: |  1  2  3 |
---------------+----------+-----
Maces & Flails | 3 |  3.5
Dodging        | 3 |  3.0
Fighting       | |  2.8

Action                   || total
-------------------------++-------
Melee: Mace              ||   128
Invok: Berserk           ||     1
       Trog's Hand       ||     1
  Eat: Chunk             ||    16
Armor: Animal skin       ||    65
Dodge: Dodged            ||    68
